 Dungeon Crawl Stone Soup version 0.28-a0-851-g8b9cc49659 (webtiles) character file.

Game seed: 10683049824611925258

183 ders the Digger (level 5, -1/28 HPs)
             Began as a Gargoyle Earth Elementalist on Nov 14, 2021.
             Was an Initiate of Vehumet.
             Slain by a killer bee (3 damage)
             ... on level 3 of the Dungeon.
             The game lasted 00:05:57 (3907 turns).

ders the Digger (Gargoyle Earth Elementalist)       Turns: 3907, Time: 00:05:58

Health: -1/28      AC:  7    Str: 11    XL:     5   Next: 62%
Magic:  9/9        EV: 11    Int: 17    God:    Vehumet [......]
Gold:   114        SH:  0    Dex: 10    Spells: 6/10 levels left

rFire   . . .      SeeInvis .   (no weapon)
rCold   . . .      Faith    .   (no shield)
rNeg    + . .      Spirit   .   b - +1 robe
rPois   ∞          Reflect  .   (no helmet)
rElec   +          Harm     .   (no cloak)
rCorr   .          Rampage  .   (no gloves)
Will    .....                   (no boots)
Stlth   +.........              (no amulet)
HPRegen 0.09/turn               (no ring)
MPRegen 0.11/turn               (no ring)

@: confused, ambrosia-drunk
A: sickness immunity, AC +4, negative energy resistance 1, electricity
resistance, torment resistance 1, petrification resistance
a: Renounce Religion


You were on level 3 of the Dungeon.
You worshipped Vehumet.
Vehumet was noncommittal.
You visited 1 branch of the dungeon, and saw 4 of its levels.

You collected 114 gold pieces.

Inventory:

Armour
 b - a +1 robe (worn)
Jewellery
 d - an amulet of regeneration
Scrolls
 a - a scroll of teleportation {unknown}
 c - a scroll of summoning {unknown}
 f - a scroll of blinking {unknown}
 h - a scroll of identify
 j - a scroll of holy word
 l - a scroll of noise
Potions
 e - a potion of curing {unknown}
 g - a potion of lignification {unknown}
 k - a potion of might {unknown}


   Skills:
 - Level 1.5 Dodging
 - Level 2.1 Stealth
 + Level 3.0 Spellcasting
 * Level 2.9 Conjurations
 + Level 1.6 Transmutations
 + Level 5.1 Earth Magic


You had 6 spell levels left.
You knew the following spells:

 Your Spells              Type           Power      Damage    Failure   Level
a - Sandblast             Erth           40%        2d10      2%          1
b - Stone Arrow           Conj/Erth      32%        3d9       10%         3

Your spell library contained the following spells:

 Spells                   Type           Power      Damage    Failure   Level
 Passwall                 Tmut/Erth      11%        N/A       7%          2
 Petrify                  Tmut/Erth      14%        N/A       41%         4


Dungeon Overview and Level Annotations

Branches:
Dungeon (4/15)
 Temple: D:4-7

Altars:
Vehumet
The Shining One

Annotations:
D:3 3 runed translucent doors, AttackTheMoon's ghost, amateur OpEE


Innate Abilities, Weirdness & Mutations

You are immune to sickness and miasma.
Your stone body is resilient. (AC +4)
You are immune to poison.
You resist negative energy. (rN+)
You are resistant to electric shocks. (rElec)
You are resistant to unholy torment.
You are immune to petrification.


Message History

You kill the endoplasm!
Vehumet accepts your kill.
You start resting.
Magic restored.
There is a stone staircase leading down here.
The kobold brigand shouts!
The kobold shouts!
AttackTheMoon's ghost turns its malevolent gaze towards you.
You hear a shout!
There is a stone staircase leading down here.
Could not explore, unopened runed door.
There is a stone staircase leading up here.
There is a stone staircase leading down here.
You climb downwards.
The killer bee buzzes angrily. x4
The killer bee misses you. The killer bee closely misses you.
The killer bee stings you but does no damage.
The killer bee completely misses you. The killer bee stings you.
The killer bee barely misses you.
The killer bee stings you but does no damage.
Found 8 gold pieces.
There is a stone staircase leading up here.
The killer bee stings you.
The killer bee stings you but does no damage. x2
The killer bee barely misses you. x2; The killer bee stings you.
The killer bee closely misses you. x2; The killer bee stings you. x2
* * * LOW HITPOINT WARNING * * *
The killer bee barely misses you.
You climb upwards.
Level annotation: 3 runed translucent doors, AttackTheMoon's ghost, amateur OpEE
There is a stone staircase leading down here.
You are confused.
You feel invigorated. The killer bee closely misses you.
The killer bee stings you!
* * * LOW HITPOINT WARNING * * *
The killer bee closely misses you. The killer bee stings you.
* * * LOW HITPOINT WARNING * * *
The killer bee stings you but does no damage.
The killer bee stings you.
You die...

.#...# #.#####.###.####
.###.# #.# #.....#....#
.# #.# #.# #.#.....##.#
.###'## #.# #.###......#
.#....# #.# #..........#
.#....# #.# #####.._..##
.#....# #.#######.....#
.#....# #......y#y....#
.#....# #......y@y#.###
.#....# ##.....y########
##....# #.......<.....#
##....#########........##
####).......#
#.........#####
.).)........#
#....>...##KK.##
####........#
#######..#K#K#.##
###........# #..+KK#...#
#........### #..+KW...:#


You could see 5 killer bees.

Vanquished Creatures
  Jessica (D:2)
  Robin (D:3)
  4 gnolls (D:2)
  3 adders
  4 dart slugs
  An orc (D:4)
  3 ball pythons
  5 endoplasms
  A giant cockroach (D:2)
  8 hobgoblins
  5 jackals
  4 quokkas
  6 bats
  4 frilled lizards
  11 goblins
  6 kobolds
  4 rats
71 creatures vanquished.

Notes
Turn   | Place    | Note
-------+----------+-------------------------------------------
     0 | D:1      | ders the Gargoyle Earth Elementalist began the quest for
                  | the Orb.
     0 | D:1      | Reached XP level 1. HP: 10/10 MP: 3/3
   145 | D:1      | Reached skill level 4 in Earth Magic
   215 | D:1      | Reached XP level 2. HP: 15/15 MP: 1/5
   787 | D:1      | Reached XP level 3. HP: 16/19 MP: 3/6
   828 | D:1      | Learned a level 3 spell: Stone Arrow
  1210 | D:2      | Noticed Jessica
  1212 | D:2      | Killed Jessica
  1213 | D:2      | Reached skill level 1 in Conjurations
  1213 | D:2      | Reached skill level 1 in Transmutations
  1213 | D:2      | Reached XP level 4. HP: 24/24 MP: 4/8
  1634 | D:2      | Found a glowing golden altar of the Shining One.
  2162 | D:2      | Reached XP level 5. HP: 28/28 MP: 6/9
  2165 | D:2      | Reached skill level 5 in Earth Magic
  2799 | D:3      | Found a radiant altar of Vehumet.
  2823 | D:3      | Became a worshipper of Vehumet
  2909 | D:3      | Noticed Robin
  2916 | D:3      | Killed Robin
  3164 | D:3      | Found a faded altar of an unknown god.
  3434 | D:3      | Found a runed translucent gate.
  3434 | D:3      | Found a runed translucent gate.
  3435 | D:3      | Found a runed translucent gate.
  3435 | D:3      | Noticed a kobold brigand
  3438 | D:3      | Noticed AttackTheMoon's ghost (amateur OpEE)
  3733 | D:4      | Noticed a necrophage
  3907 | D:3      | Slain by a killer bee

Illustrated notes

Levels and vault maps discovered:
D:1:      psy_arrival_dodecagon, layout_basic
D:2:      layout_basic, basic_altar, uniq_jessica
D:3:      layout_basic, lemuel_tele_altar, gammafunk_ghost_nasty_kobolds,
          ebering_ecumenical_altar_sacrificial, eino_curves_01, uniq_robin
D:4:      layout_layer_cave, temple_green, serial_shops, kennysheep_mini

Skill      XL: |  1  2  3  4  5 |
---------------+----------------+-----
Earth Magic    | 4 5 |  5.1
Conjurations   | 1 2 |  2.9
Transmutations | 1 |  1.6
Spellcasting   | 3 |  3.0
Dodging        | |  1.5
Stealth        | |  2.1

Action                   |  1- 3 |  4- 6 || total
-------------------------+-------+-------++-------
Melee: Unarmed           |     2 |    17 ||    19
 Cast: Sandblast         |    34 |    59 ||    93
       Stone Arrow       |       |    12 ||    12
  Use: Scroll            |       |     3 ||     3
       Potion            |       |     3 ||     3
Armor: Robe              |     4 |    32 ||    36
Dodge: Dodged            |     6 |    62 ||    68

Table legend: (Time is in decaauts)
 A = Elapsed time spent in this place.
 B = Non-inter-level travel time spent in this place.
 C = Inter-level travel time spent in this place.
 D = Time resting spent in this place.
 E = Time spent auto-exploring this place.
 F = Levels seen in this place.
 G = Mean time per level.
                   A        B        C        D        E       F      G
               +--------+--------+--------+--------+--------+-----+--------+
         Total |   3910 |   3818 |     92 |   1319 |   1909 |   4 |  977.5 |
       Dungeon |   3910 |   3818 |     92 |   1319 |   1909 |   4 |  977.5 |
               +--------+--------+--------+--------+--------+-----+--------+

Top non-repeatable levels by time:
     D:2: 1591 daAuts
     D:1: 1165 daAuts
     D:3: 1146 daAuts
     D:4: 7 daAuts
